 Dungeon Crawl Stone Soup version 0.31-a0-819-gf6de2f5ab6 (webtiles) character file.

Game seed: 11734707434876457265

683 Kurtz the Cleaver (level 7, -7/46 HPs)
             Began as an Octopode Fighter on Sept 25, 2023.
             Was a Follower of Kikubaaqudgha.
             Mangled by an ogre
             ... wielding a +0 giant club
              (27 damage)
             ... on level 4 of the Dungeon.
             The game lasted 00:02:32 (3404 turns).

Kurtz the Cleaver (Octopode Fighter)                Turns: 3404, Time: 00:02:32

Health: -7/46      AC:  1    Str: 15    XL:     7   Next: 61%
Magic:  7/7        EV: 13    Int: 11    God:    Kikubaaqudgha [*.....]
Gold:   143        SH:  4    Dex: 13    Spells: 6/6 levels left

rFire   . . .        a - +0 war axe
rCold   . . .        b - +0 buckler
rNeg    . . .        (helmet restricted)
rPois   .            (no amulet)
rElec   .            m - ring of resist corrosion
rCorr   +            (no ring)
SInv    .            (no ring)
Will    .....        (no ring)
Stlth   ++           (no ring)
HPRegen 0.27/turn    (no ring)
MPRegen 0.10/turn    (no ring)
                     (no ring)

%: no passive effects
@: no status effects
A: almost no armour, amphibious, 8 rings, camouflage 1, gelatinous body 1,
(nimble swimmer 1), tentacles
a: Renounce Religion, Unearth Wretches


You were on level 4 of the Dungeon.
You worshipped Kikubaaqudgha.
Kikubaaqudgha was aware of your devotion.
You visited 1 branch of the dungeon, and saw 4 of its levels.

You collected 143 gold pieces.

Inventory:

Hand Weapons
 a - a +0 war axe (weapon)
Missiles
 n - 7 boomerangs
Armour
 b - a +0 buckler (worn)
Jewellery
 m - a ring of resist corrosion (left tentacle)
 t - a ring of fire
Wands
 c - a wand of mindburst (16)
Scrolls
 f - 3 scrolls of teleportation {unknown}
 g - a scroll of enchant weapon {unknown}
 j - a scroll of summoning {unknown}
 l - 2 scrolls of identify {unknown}
 q - a scroll of vulnerability {unknown}
 s - a scroll of revelation {unknown}
Potions
 d - 4 potions of curing
 e - 2 potions of attraction {unknown}
 h - 2 potions of enlightenment {unknown}
 i - a potion of mutation {unknown}
 k - a potion of invisibility {unknown}
 o - a potion of resistance {unknown}
 p - a potion of magic {unknown}
 r - a potion of lignification {unknown}


   Skills:
 - Level 3.0 Fighting
 * Level 8.3 Axes
 - Level 3.0 Dodging
 - Level 3.0 Shields


You had 6 spell levels left.
You didn't know any spells.
Your spell library contained the following spells:

 Spells                   Type           Power      Damage    Failure   Level
 Foxfire                  Conj/Fire      0%         2x1d4     43%         1
 Necrotise                Necr           0%         1d4       43%         1
 Cigotuvi's Dreadful Rot  Necr/Pois/Air  0%         N/A       56%         2
 Vampiric Draining        Necr           0%         2d6       80%         3
 Animate Dead             Necr           0%         N/A       99%         4
 Plasma Beam              Fire/Air       0%         2x1d10    100%        6
 Starburst                Conj/Fire      0%         6d3       100%        6


Dungeon Overview and Level Annotations

Branches:
Dungeon (4/15)             Temple (0/1) D:4

Altars:
Fedhas
Kikubaaqudgha
Nemelex Xobeh
Vehumet
Zin


Innate Abilities, Weirdness & Mutations

You cannot wear most types of armour.
You are amphibious.
You can wear up to eight rings at the same time.
Your skin changes colour to match your surroundings (Stealth+).
Your rubbery body absorbs attacks. (AC +1, EV +1)
((You are camouflaged when in or above water. (Stealth+)))
You have tentacles for arms and can constrict up to eight enemies at once.


Message History

The orc closely misses you. The orc misses you.
Unknown command.
You hit the orc but do no damage. Your grab misses the orc.
You squeeze the orc.
You kill the orc!
Kikubaaqudgha accepts your kill.
You slash the orc!
You kill the orc!
Kikubaaqudgha accepts your kill.
You hit the orc. Your grab misses the orc. You squeeze the orc.
The orc is almost dead.
The orc hits you with a +0 club.
You hit the orc.
You kill the orc!
Kikubaaqudgha accepts your kill.
You can now bring forth the wretched and dying.
Kikubaaqudgha grants you a gift!
You add the spells Necrotise, Cigotuvi's Dreadful Rot, Vampiric Draining and Animate Dead to your library.
You slash the orc priest! You grab the orc priest.
The orc priest is almost dead.
You constrict the orc priest, but do no damage.
The orc priest calls down the wrath of Beogh upon you.
Beogh smites you!
You are too injured to fight recklessly!
Unknown command.
You are too injured to fight recklessly!
You hit the orc priest but do no damage.
You squeeze the orc priest.
You kill the orc priest!
Kikubaaqudgha accepts your kill.
You are too injured to fight recklessly!
Unknown command.
You are too injured to fight recklessly!
Unknown command.
You are too injured to fight recklessly!
The ogre attacks as it pursues you!
The ogre hits you with a +0 giant club!!
Ouch! That really hurt!
You die...
Kikubaaqudgha rasps: "You have failed me!
Welcome... death!"

... # #.. . #.# ###.
#B#### .>..###.#..
.#....#h#.# ## #
#.....))#.# .. #.
#.)O..# ##.####...
###@.:####.
.........#####........
###....# #....#.#######
.....#)# #.#....####
.....#.####.#.......#
#.......#.....#####.###
#.#.#.#.#.#.#.#.#.#.#.#
.#.#.#.#.#.#<#.#.#.#.#
#.#.#.#.#.#.#.#.#.#.#


You could see an ogre, a jackal and a giant cockroach.

Vanquished Creatures
  Edmund (D:4)
  2 scorpions
  3 hounds (D:4)
  3 orc priests
  Ijyb (D:4)
  2 orc wizards
  Terence (D:2)
  5 gnolls
  An adder (D:2)
  4 worms
  4 dart slugs
  8 orcs
  8 endoplasms
  6 giant cockroaches
  3 goblins
  6 hobgoblins
  10 jackals
  8 kobolds
  A quokka (D:2)
  7 ball pythons
  8 bats
  3 frilled lizards
  9 rats
104 creatures vanquished.

Notes
Turn   | Place    | Note
-------+----------+-------------------------------------------
     0 | D:1      | Kurtz the Octopode Fighter began the quest for the Orb.
     0 | D:1      | Reached XP level 1. HP: 16/16 MP: 1/1
   126 | D:1      | Reached XP level 2. HP: 14/21 MP: 2/2
   183 | D:1      | Reached skill level 3 in Axes
   351 | D:1      | Found a faded altar of an unknown god.
   369 | D:1      | Reached XP level 3. HP: 26/26 MP: 3/3
  1116 | D:2      | Reached skill level 4 in Axes
  1188 | D:2      | Reached XP level 4. HP: 31/31 MP: 4/4
  1189 | D:2      | Noticed Terence
  1200 | D:2      | Killed Terence
  1617 | D:2      | Found a blossoming altar of Fedhas.
  1956 | D:3      | Noticed a scorpion
  1972 | D:3      | Killed a scorpion
  1973 | D:3      | Reached skill level 5 in Axes
  1973 | D:3      | Reached XP level 5. HP: 27/36 MP: 5/5
  2081 | D:3      | Found a blossoming altar of Fedhas.
  2081 | D:3      | Found a radiant altar of Vehumet.
  2109 | D:3      | Reached skill level 6 in Axes
  2109 | D:3      | Reached XP level 6. HP: 39/42 MP: 6/6
  2152 | D:3      | Found an ancient bone altar of Kikubaaqudgha.
  2303 | D:3      | Became a worshipper of Kikubaaqudgha
  2591 | D:3      | Found a glowing silver altar of Zin.
  2825 | D:3      | Found a sparkling altar of Nemelex Xobeh.
  2925 | D:4      | Found a staircase to the Ecumenical Temple.
  2991 | D:4      | Reached skill level 7 in Axes
  3034 | D:4      | Noticed Ijyb
  3041 | D:4      | Killed Ijyb
  3042 | D:4      | Reached XP level 7. HP: 16/46 MP: 7/7
  3232 | D:4      | Noticed Edmund
  3241 | D:4      | Killed Edmund
  3242 | D:4      | Reached skill level 8 in Axes
  3401 | D:4      | Reached * piety under Kikubaaqudgha
  3401 | D:4      | Received a gift from Kikubaaqudgha
  3404 | D:4      | Mangled by an ogre

Illustrated notes

Levels and vault maps discovered:
D:1:      lightli_arrival_quake, layout_basic,
          ebering_ecumenical_altar_abandoned
D:2:      layout_loops_cross, basic_altar, minmay_misc_feat_doors, uniq_terence
D:3:      layout_basic, general_overflow_altar, old_standard_altar,
          nicolae_overflow_hidden_temple, dk_noncrumbling_4
D:4:      layout_basic, minmay_temple_entry_proselytizer, uniq_natasha,
          uniq_ijyb, uniq_edmund

Skill      XL: |  1  2  3  4  5  6  7 |
---------------+----------------------+-----
Axes           | 3 4 5 6 7 8 |  8.3
Fighting       | |  3.0
Dodging        | |  3.0
Shields        | |  3.0

Action                     |  1- 3 |  4- 6 |  7- 9 || total
---------------------------+-------+-------+-------++-------
  Melee: War axe           |    48 |   123 |    27 ||   198
         Tentacles         |     9 |    23 |     8 ||    40
         Constrict         |    11 |    27 |     9 ||    47
         Punch             |       |     1 |       ||     1
    Use: Potion            |       |     2 |     2 ||     4
   Stab: Sleeping          |    11 |    11 |       ||    22
 Armour: Skin              |    11 |    43 |    16 ||    70
  Dodge: Dodged            |    18 |    74 |    19 ||   111
  Block: Buckler           |     6 |    21 |     6 ||    33

Table legend: (Time is in decaauts)
 A = Elapsed time spent in this place.
 B = Non-inter-level travel time spent in this place.
 C = Inter-level travel time spent in this place.
 D = Time resting spent in this place.
 E = Time spent auto-exploring this place.
 F = Levels seen in this place.
 G = Mean time per level.
                   A        B        C        D        E       F      G
               +--------+--------+--------+--------+--------+-----+--------+
         Total |   3457 |   3247 |    210 |    370 |   2265 |   4 |  864.2 |
       Dungeon |   3457 |   3247 |    210 |    370 |   2265 |   4 |  864.2 |
               +--------+--------+--------+--------+--------+-----+--------+

Top non-repeatable levels by time:
     D:3: 1090 daAuts
     D:1: 1083 daAuts
     D:2: 864 daAuts
     D:4: 419 daAuts
